[Event "Titled Tuesday Blitz November 14 Early 2023"]
[White "Akhmedinov, Satbek"]
[Black "Senft, Sean"]
[WhiteFideId "13714287"]
[BlackFideId "2044960"]
[WhiteElo "2698"]
[BlackElo "2286"]
[Result "1-0"]
[Round "2"]
[TimeControl "180+1"]
[Date "2023.11.14"]
[WhiteClock "0:00:11"]
[BlackClock "0:00:04"]
[Board "107"]

1. e4 c5 2. Nf3 d6 3. Bb5+ Bd7 4. c4 Nf6 5. Nc3 g6 6. d4 cxd4 7. Nxd4 Bg7 8. Be3 O-O 9. f3 Nc6 10. O-O Nxd4 11. Bxd4 Bxb5 12. cxb5 Nd7 13. Bxg7 Kxg7 14. Qd4+ Kg8 15. Rac1 Qb6 16. Rfd1 Qxd4+ 17. Rxd4 Rac8 18. Kf2 Rc5 19. Ra4 Ra8 20. Re1 Nb6 21. Rb4 Kf8 22. Kg3 e6 23. a4 Rc4 24. Rxc4 Nxc4 25. b3 Nb6 26. Rd1 Ke7 27. a5 Nd7 28. Rc1 Kd8 29. Na4 Rc8 30. Rxc8+ Kxc8 31. f4 Kc7 32. b4 a6 33. Nc3 Nf6 34. Kf3 d5 35. e5 Ne8 36. Ke3 Kd7 37. b6 h5 38. Kd4 Kc6 39. h3 h4 40. Nd1 Ng7 41. Nf2 Nf5+ 42. Kc3 Kb5 43. Ng4 Ne3 44. Nh6 Nxg2 45. Nxf7 Nxf4 46. Nd8 Nxh3 47. Nxb7 Nf4 48. Nd8 d4+ 49. Kb3 d3 50. b7 d2 51. b8=Q# 1-0


[Site "https://www.chess.com"]

[Event "Titled Tuesday Blitz November 14 Early 2023"]
[White "Bommini Mounika Akshaya"]
[Black "Hasangatin, Ramil"]
[WhiteFideId "25019872"]
[BlackFideId "4122160"]
[WhiteElo "2258"]
[BlackElo "2689"]
[Result "1/2-1/2"]
[Round "2"]
[TimeControl "180+1"]
[Date "2023.11.14"]
[WhiteClock "0:00:12"]
[BlackClock "0:00:07"]
[Board "108"]

1. d4 d6 2. c4 e5 3. Nf3 e4 4. Nfd2 f5 5. Nc3 Nf6 6. e3 c6 7. Be2 d5 8. O-O Bd6 9. cxd5 cxd5 10. Nb5 Be7 11. Nb3 Nc6 12. Bd2 O-O 13. Rc1 a6 14. Nc3 Bd6 15. Na4 Qe7 16. Nb6 Rb8 17. Nc5 Be6 18. Nxa6 bxa6 19. Rxc6 Rfd8 20. h3 g5 21. Bxa6 f4 22. exf4 gxf4 23. Kh1 f3 24. Rg1 Kh8 25. gxf3 Bxh3 26. Bg5 Rg8 27. f4 Bf5 28. Qb3 Qe6 29. Qg3 e3 30. Qh4 Ne4 31. fxe3 Rg6 32. Be2 Rbg8 33. Bh5 R6g7 34. Na4 Qd7 35. Ra6 Qb5 36. Rxd6 Nxd6 37. Bf6 Qd7 38. Rxg7 Rxg7 39. Qg5 Kg8 40. Qxg7+ Qxg7 41. Bxg7 Kxg7 42. Nc5 Nc4 43. Bf3 Nxe3 44. Bxd5 Nxd5 45. a3 Nxf4 46. b4 Nd5 47. b5 Nb6 48. a4 Bc8 49. a5 Nc4 50. b6 Nxa5 51. Kg2 Nb7 52. Kg3 Nxc5 53. dxc5 Bb7 54. Kf4 Kg6 55. Ke5 h5 56. Kd6 h4 57. c6 Bxc6 58. Kxc6 h3 59. b7 h2 60. b8=Q h1=Q+ 61. Kc7 Qc1+ 62. Kd7 Qd2+ 63. Qd6+ Qxd6+ 64. Kxd6 1/2-1/2


[Site "https://www.chess.com"]

[Event "Titled Tuesday Blitz November 14 Early 2023"]
[White "Mladenovic, Stefan"]
[Black "ilya2700"]
[WhiteFideId "942227"]
[WhiteElo "2687"]
[BlackElo "2254"]
[Result "1-0"]
[Round "2"]
[TimeControl "180+1"]
[Date "2023.11.14"]
[WhiteClock "0:00:04"]
[BlackClock "0:00:02"]
[Board "109"]

1. d4 Nf6 2. Nf3 g6 3. Bf4 Bg7 4. e3 O-O 5. Be2 d5 6. O-O b6 7. h3 Bb7 8. c4 Nbd7 9. Nc3 dxc4 10. Bxc4 c5 11. d5 a6 12. a4 Ne8 13. e4 Nd6 14. Bd3 f6 15. Nd2 Ne5 16. Be2 Qc7 17. Rc1 Qd7 18. Bh2 Rac8 19. f4 Nef7 20. Nc4 Nxc4 21. Bxc4 Nd6 22. Be2 e5 23. fxe5 fxe5 24. Bg4 Rxf1+ 25. Qxf1 Qd8 26. Bxc8 Qxc8 27. Qe2 c4 28. Rf1 b5 29. axb5 axb5 30. Qe3 b4 31. Ne2 Ba6 32. Qb6 Nxe4 33. Qe6+ Qxe6 34. dxe6 Bf8 35. Bxe5 c3 36. Re1 Bc5+ 37. Nd4 cxb2 38. Rb1 Nc3 39. Rxb2 Ne2+ 40. Kh1 Nxd4 41. Bxd4 Bxd4 42. Rxb4 Bf6 43. Rb6 Bc4 44. Rb8+ Kg7 45. Rb7+ Kg8 46. e7 Kf7 47. Rc7 Be6 48. e8=Q+ Kxe8 49. Rxh7 Bf5 50. Ra7 Bd4 51. Rb7 Bf6 52. Kg1 Bd4+ 53. Kf1 Bd3+ 54. Ke1 Bc3+ 55. Kd1 Be4 56. Rb3 Bd4 57. Rb4 Bxg2 58. Rxd4 Bxh3 59. Ke2 Bf5 60. Kf3 Kf7 61. Kf4 Kf6 62. Rd6+ Ke7 63. Ke5 Bb1 64. Rb6 Bf5 65. Rb7+ Kd8 66. Kd6 Kc8 67. Rg7 Be4 68. Ke5 Bf5 69. Kd5 Kd8 70. Kd6 Ke8 71. Ke5 Kd8 72. Kf6 Kc8 73. Ra7 Kb8 74. Ra3 Kc8 75. Rc3+ Kb7 76. Ke5 Kb6 77. Kd6 Kb5 78. Rg3 Kb4 79. Ke5 Kc4 80. Re3 Kb4 81. Kd5 Kb5 82. Rb3+ Ka4 83. Rb8 Ka5 84. Kc5 Ka6 85. Rb6+ Ka7 86. Rb2 Ka6 87. Rb4 Ka7 88. Kc6 Bc2 89. Rc4 Bd3 90. Rd4 Ba6 91. Ra4 g5 92. Kc7 g4 93. Rxg4 Be2 94. Ra4+ Ba6 95. Ra3 Ka8 96. Rxa6# 1-0


[Site "https://www.chess.com"]

[Event "Titled Tuesday Blitz November 14 Early 2023"]
[White "Hartikainen, Jarmo"]
[Black "Timerkhanov, Alexander"]
[WhiteFideId "503134"]
[BlackFideId "24177938"]
[WhiteElo "2165"]
[BlackElo "2686"]
[Result "0-1"]
[Round "2"]
[TimeControl "180+1"]
[Date "2023.11.14"]
[WhiteClock "0:00:04"]
[BlackClock "0:00:53"]
[Board "110"]

1. e4 c5 2. c3 d5 3. exd5 Qxd5 4. d4 Nf6 5. Nf3 e6 6. Na3 Nc6 7. Be3 cxd4 8. Nb5 Qd8 9. Nbxd4 Bd7 10. h3 Be7 11. Bd3 O-O 12. Qc2 h6 13. Nxc6 Bxc6 14. O-O-O Qa5 15. Kb1 Rfd8 16. Nd4 Ba4 17. b3 Be8 18. g4 Nd5 19. Bd2 Bf6 20. h4 Rac8 21. Ne2 Qa3 22. Bc1 Qc5 23. Bb2 Qxf2 24. Rhf1 Qxh4 25. g5 Ne3 26. Qc1 Nxd1 27. gxf6 Nxb2 28. Kxb2 Rxd3 29. Nf4 Rdxc3 30. Qxc3 Rxc3 31. Kxc3 Qxf6+ 32. Kc2 e5 33. Nh5 Qxf1 0-1


[Site "https://www.chess.com"]

[Event "Titled Tuesday Blitz November 14 Early 2023"]
[White "Arhan_Anand"]
[Black "missponyo10"]
[WhiteElo "2678"]
[BlackElo "2154"]
[Result "1-0"]
[Round "2"]
[TimeControl "180+1"]
[Date "2023.11.14"]
[WhiteClock "0:01:16"]
[BlackClock "0:01:01"]
[Board "111"]

1. c4 e5 2. g3 d6 3. Bg2 f5 4. Nc3 Nf6 5. e3 Be6 6. d3 Be7 7. Bxb7 Nbd7 8. Nge2 Rb8 9. Bg2 O-O 10. b3 Nb6 11. d4 e4 12. O-O Nbd7 13. d5 Bf7 14. Nd4 Ne5 15. Nxf5 Bg6 16. Nd4 Qd7 17. Ne6 Bh5 18. Qc2 Nf3+ 19. Kh1 Bg6 20. Ne2 Bf5 21. Bxf3 exf3 22. Qxf5 Rf7 23. Qxf3 c6 24. N2f4 cxd5 25. cxd5 Rb5 26. e4 Ne8 27. Bb2 Bf6 28. Bxf6 Rxf6 29. Rac1 Ra5 30. Rc2 h6 31. Rfc1 g5 32. Qh5 gxf4 33. gxf4 Rxe6 34. Qg4+ Kf8 35. Qxe6 Qxe6 36. dxe6 Ke7 37. f5 Re5 38. f3 Nf6 39. Rc7+ Ke8 40. Rc8+ Ke7 41. R1c7+ Nd7 42. Rxd7+ Kf6 43. Rf7+ Kg5 44. e7 Kf4 45. e8=Q Rxe8 46. Rxe8 Kxf3 47. e5 Ke3 48. exd6+ Kd2 49. d7 Kc2 50. d8=Q Kb2 51. Re2+ Ka3 52. Qa5# 1-0


[Site "https://www.chess.com"]

[Event "Titled Tuesday Blitz November 14 Early 2023"]
[White "DavitSantryan02"]
[Black "Ovetchkin, Roman"]
[BlackFideId "4119991"]
[WhiteElo "1697"]
[BlackElo "2675"]
[Result "1-0"]
[Round "2"]
[TimeControl "180+1"]
[Date "2023.11.14"]
[WhiteClock "0:00:02"]
[BlackClock "0:00:00"]
[Board "112"]

1. d4 Nf6 2. Nf3 g6 3. Bf4 Bg7 4. h3 O-O 5. e3 c5 6. c3 b6 7. Nbd2 Bb7 8. Qc2 Nc6 9. Be2 Rc8 10. a3 d6 11. O-O Qc7 12. dxc5 bxc5 13. Rad1 e5 14. Bh2 d5 15. e4 d4 16. Nc4 Nd7 17. b4 dxc3 18. b5 Nd4 19. Nxd4 cxd4 20. Rxd4 exd4 21. Bxc7 Rxc7 22. Rd1 Nc5 23. f3 Rd8 24. Na5 Ba8 25. Bd3 Bh6 26. g3 Nxd3 27. Rxd3 Rdc8 28. Kg2 Bg7 29. Nb3 Rc4 30. Na1 f5 31. exf5 gxf5 32. Qb3 Kh8 33. Nc2 Bd5 34. Qb1 Re8 35. Kf2 f4 36. gxf4 Be6 37. b6 axb6 38. Qb5 Bf7 39. f5 Bf6 40. Qd7 Kg7 41. Nxd4 Re7 42. Qd6 c2 43. Nxc2 Rxc2+ 44. Rd2 Bh4+ 45. Kg2 Re2+ 46. Rxe2 Rxe2+ 47. Kf1 Re1+ 48. Kg2 h5 49. Qd4+ Bf6 50. Qxb6 Re2+ 51. Kf1 Rb2 52. Qg1+ Kh6 53. Qe3+ Kg7 54. Qg1+ Kh7 55. Qe3 h4 56. Qe4 Ra2 57. Qb7 Kg7 58. Qb4 Bh5 59. Qb7+ Kh6 60. Qb6 Kg5 61. Qe3+ Kxf5 62. Qe4+ Kg5 63. Qd5+ Kf4 64. Qxa2 Bxf3 65. Qc4+ Kg3 66. Qf7 Bg5 67. Qg6 Kf4 68. Qf7+ Kg3 69. Qc7+ Kxh3 70. Qc3 Kg3 71. Qc2 h3 72. Qf2+ Kg4 73. Kg1 Bf4 74. a4 1-0


[Site "https://www.chess.com"]

[Event "Titled Tuesday Blitz November 14 Early 2023"]
[White "Oparin, Grigoriy"]
[Black "Thake, Conrad"]
[WhiteFideId "24125890"]
[BlackFideId "5602947"]
[WhiteElo "2997"]
[BlackElo "1888"]
[Result "1/2-1/2"]
[Round "2"]
[TimeControl "180+1"]
[Date "2023.11.14"]
[WhiteClock "0:01:15"]
[BlackClock "0:00:14"]
[Board "113"]

1. g3 Nf6 2. Bg2 g6 3. c4 Bg7 4. Nc3 c5 5. Nf3 Nc6 6. d4 cxd4 7. Nxd4 O-O 8. O-O Qb6 9. Nc2 d6 10. b3 Bf5 11. Be3 Qd8 12. Rc1 Qd7 13. Re1 Bh3 14. Bh1 Ng4 15. Bd2 Qf5 16. Ne4 Nd4 17. Ne3 Nxe3 18. Bxe3 e5 19. Nxd6 Qd7 20. c5 Rab8 21. b4 f5 22. Bxd4 exd4 23. e3 dxe3 24. Qb3+ Kh8 25. Qxe3 b6 26. Qe7 Rbd8 27. Qxd7 Rxd7 28. Bg2 Bxg2 29. Kxg2 bxc5 30. bxc5 Bd4 31. Red1 Bb2 32. Rb1 Ba3 33. Nb7 Rc7 34. Rd5 Rb8 35. Rb3 Bc1 36. Na5 Rxb3 37. axb3 Ba3 38. c6 Bb4 39. Rd8+ Kg7 40. Rd7+ Rxd7 41. cxd7 Bxa5 42. Kf3 Kf7 43. Ke3 Ke7 44. Kd3 Kxd7 45. Kc4 Bb6 46. f3 Kc6 47. h3 a5 48. g4 fxg4 49. fxg4 h5 50. gxh5 gxh5 51. b4 axb4 52. Kxb4 Bf2 53. Kc4 h4 54. Kd3 Kd6 55. Ke2 Bg3 56. Kf3 Ke5 57. Kg2 Ke4 58. Kh1 Kf3 59. Kg1 Ke3 60. Kh1 Kf2 1/2-1/2


[Site "https://www.chess.com"]

[Event "Titled Tuesday Blitz November 14 Early 2023"]
[White "Kovacsy, Barnabas"]
[Black "Yanchenko, Roman"]
[WhiteFideId "769290"]
[BlackFideId "4137329"]
[WhiteElo "2530"]
[BlackElo "2842"]
[Result "0-1"]
[Round "2"]
[TimeControl "180+1"]
[Date "2023.11.14"]
[WhiteClock "0:00:13"]
[BlackClock "0:00:51"]
[Board "114"]

1. e4 e6 2. d4 d5 3. exd5 exd5 4. Nf3 Nf6 5. Bd3 c5 6. O-O c4 7. Re1+ Be7 8. Bf1 O-O 9. Bf4 Nc6 10. c3 Bf5 11. Ne5 Qb6 12. Nxc6 bxc6 13. Rxe7 Qxb2 14. Nd2 Qxc3 15. Be5 Ng4 16. h3 Nxe5 17. Rxe5 Bg6 18. Nf3 f6 19. Re7 Be4 20. Be2 Qb4 21. Rc7 Qb6 22. Re7 Rab8 23. Nd2 Bg6 24. Nf3 c3 25. Bd3 Bh5 26. Qc2 h6 27. g4 Qb2 28. Rc1 Bf7 29. Qxc3 Qxa2 30. Qxc6 Qa3 31. Qc5 Qxd3 32. Nh4 Qxh3 33. Nf5 Qxg4+ 34. Ng3 h5 35. Kf1 h4 36. Ne2 Qf3 37. Ng1 Qd3+ 38. Ke1 Rfe8 39. Qd6 Rxe7+ 40. Qxe7 Re8 0-1


[Site "https://www.chess.com"]

[Event "Titled Tuesday Blitz November 14 Early 2023"]
[White "Garagulya, Konstantin"]
[Black "Kopylov, Alexander A."]
[WhiteFideId "4128931"]
[BlackFideId "4164857"]
[WhiteElo "2497"]
[BlackElo "2806"]
[Result "1-0"]
[Round "2"]
[TimeControl "180+1"]
[Date "2023.11.14"]
[WhiteClock "0:00:03"]
[BlackClock "0:00:00"]
[Board "115"]

1. d4 Nf6 2. Nf3 e6 3. Bg5 c5 4. Nbd2 cxd4 5. Nxd4 d5 6. e3 Nc6 7. Nxc6 bxc6 8. c4 Be7 9. Qc2 O-O 10. Bd3 h6 11. Bh4 Bb7 12. O-O Rc8 13. Rfd1 c5 14. e4 d4 15. Re1 e5 16. a3 a5 17. Reb1 Bc6 18. Bxf6 Bxf6 19. b4 axb4 20. axb4 cxb4 21. Rxb4 Be7 22. Rb2 Ra8 23. Rxa8 Qxa8 24. c5 Qa5 25. Nb3 Qe1+ 26. Bf1 Rb8 27. Rb1 Qc3 28. Nxd4 Rxb1 29. Qxc3 exd4 30. Qd3 Rc1 31. Qd2 Bg5 32. f4 Rxc5 33. fxg5 Rxg5 34. Qxd4 Rg6 35. g3 Re6 36. e5 Re8 37. Bc4 Rf8 38. Qd6 Bf3 39. Kf2 Bg4 40. Ke3 Re8 41. Kf4 Be6 42. Bb5 Rc8 43. h4 h5 44. Bd7 Rc4+ 45. Kg5 Rg4+ 46. Kxh5 Bxd7 47. Qxd7 Rxg3 48. Qe8+ Kh7 49. Qxf7 Re3 50. e6 1-0


[Site "https://www.chess.com"]

[Event "Titled Tuesday Blitz November 14 Early 2023"]
[White "Fernandez, Daniel"]
[Black "lagunanivaria"]
[WhiteFideId "2015390"]
[WhiteElo "2797"]
[BlackElo "2478"]
[Result "1-0"]
[Round "2"]
[TimeControl "180+1"]
[Date "2023.11.14"]
[WhiteClock "0:00:24"]
[BlackClock "0:00:00"]
[Board "116"]

1. e4 e5 2. Nf3 Nc6 3. Bb5 a6 4. Ba4 Nf6 5. O-O b5 6. Bb3 Be7 7. d4 exd4 8. e5 Ne4 9. Bd5 Nc5 10. Nxd4 Bb7 11. Nf5 O-O 12. Qg4 g6 13. Re1 Ne6 14. Bh6 Re8 15. Nc3 Bf8 16. Rad1 Rb8 17. Qg3 Bxh6 18. Nxh6+ Kg7 19. Ng4 d6 20. Ne4 Ng5 21. Ngf6 Rxe5 22. f4 Nxe4 23. Nxe4 Re8 24. Bxc6 Bxc6 25. Qc3+ f6 26. Qxc6 Qe7 27. Kf2 Qf7 28. Qc3 Re6 29. Ng5 Rxe1 30. Rxe1 1-0


[Site "https://www.chess.com"]

[Event "Titled Tuesday Blitz November 14 Early 2023"]
[White "Budisavljevic, Luka"]
[Black "Manukyan, Sargis V."]
[WhiteFideId "960047"]
[BlackFideId "13303465"]
[WhiteElo "2762"]
[BlackElo "2477"]
[Result "1-0"]
[Round "2"]
[TimeControl "180+1"]
[Date "2023.11.14"]
[WhiteClock "0:00:18"]
[BlackClock "0:00:05"]
[Board "117"]

1. d4 Nf6 2. Bf4 c5 3. e3 g6 4. d5 Bg7 5. Nc3 d6 6. e4 O-O 7. Nf3 Bg4 8. h3 Bxf3 9. Qxf3 Na6 10. Be2 Nc7 11. a4 Rb8 12. Qg3 Nd7 13. h4 a6 14. h5 b5 15. hxg6 fxg6 16. axb5 Nxb5 17. Nxb5 axb5 18. Bg4 Nf6 19. Be6+ Rf7 20. Ke2 Nxe4 21. Qh3 Nf6 22. Bh6 Qf8 23. Ra7 Bxh6 24. Qxh6 Qxh6 25. Bxf7+ Kg7 26. Rxh6 Kxh6 27. Rxe7 Ra8 28. Rb7 b4 29. Rb6 Rd8 30. f4 Kg7 31. Be6 Ne4 32. Kd3 Ng3 33. Rb7+ Kh6 34. Kc4 Ne2 35. f5 gxf5 36. Bxf5 Kg5 37. Bd3 Nf4 38. Rxh7 Kf6 39. g3 Nxd3 40. cxd3 Kf5 41. Rh6 Kg4 42. Rg6+ Kf5 43. Re6 Kg4 44. Re3 Rb8 45. Re6 Rb6 46. Rg6+ Kf3 47. g4 Ke3 48. b3 Ra6 49. g5 Ra1 50. Re6+ Kd2 51. g6 Rc1+ 52. Kb5 Rg1 53. Rxd6 Kxd3 54. Kxc5 Kc3 55. Rb6 Kxb3 56. Rxb4+ Kc3 57. Rb6 Kd3 58. Re6 Rg5 59. Kc6 Kc3 60. d6 Kc4 61. d7 Kb4 62. d8=Q Rc5+ 63. Kd7 Rd5+ 64. Rd6 1-0


[Site "https://www.chess.com"]

[Event "Titled Tuesday Blitz November 14 Early 2023"]
[White "LangesNasenhaar"]
[Black "Petkov, Momchil"]
[BlackFideId "2921642"]
[WhiteElo "2429"]
[BlackElo "2726"]
[Result "0-1"]
[Round "2"]
[TimeControl "180+1"]
[Date "2023.11.14"]
[WhiteClock "0:01:33"]
[BlackClock "0:01:21"]
[Board "118"]

1. d4 d5 2. Nc3 Nf6 3. Bf4 e6 4. Nb5 Na6 5. e3 Be7 6. Nf3 O-O 7. a3 c6 8. Nc3 c5 9. Bxa6 bxa6 10. dxc5 Bxc5 11. O-O a5 12. Ne5 Ba6 13. Re1 Rc8 14. Bg5 Be7 15. Ne2 Qc7 16. Qd4 Bc5 17. Qh4 Qxe5 18. c3 Bxe2 19. Rxe2 h6 20. Bf4 Qh5 21. Qxh5 Nxh5 22. Be5 f6 23. Bd4 Bxd4 24. exd4 Nf4 25. Re3 Kf7 26. b4 a4 27. g3 Ng6 0-1


[Site "https://www.chess.com"]

[Event "Titled Tuesday Blitz November 14 Early 2023"]
[White "Xie, Bryan"]
[Black "Tristan, Leonardo"]
[WhiteFideId "30941296"]
[BlackFideId "113816"]
[WhiteElo "2410"]
[BlackElo "2723"]
[Result "0-1"]
[Round "2"]
[TimeControl "180+1"]
[Date "2023.11.14"]
[WhiteClock "0:00:00"]
[BlackClock "0:00:09"]
[Board "119"]

1. e4 d5 2. exd5 Qxd5 3. Nc3 Qa5 4. d4 Nf6 5. Nf3 Bf5 6. Bc4 e6 7. Bd2 Bb4 8. O-O Nc6 9. a3 Bxc3 10. Bxc3 Qb6 11. d5 O-O-O 12. dxc6 Rxd1 13. cxb7+ Qxb7 14. Raxd1 Be4 15. Ne1 Rd8 16. Rxd8+ Kxd8 17. f3 Bd5 18. Bxd5 Qb6+ 19. Kh1 exd5 20. Be5 Ne8 21. Nd3 f6 22. Bg3 Nd6 23. Bf2 Qb5 24. Bxa7 Nc4 25. Bd4 Ne5 26. Bxe5 fxe5 27. Re1 Qc4 28. Rxe5 c6 29. Re2 h5 30. h3 h4 31. b3 Qc3 32. a4 Kc7 33. Nf4 Kb6 34. Nd3 g5 35. Kh2 Qf6 36. Re5 Qd6 37. Kh1 c5 38. Rxg5 c4 39. bxc4 dxc4 40. Nb2 Qd4 41. Rb5+ Ka7 42. Rb4 Qc3 43. Rb5 Qxc2 44. a5 c3 45. Nc4 Qd3 46. Rc5 c2 47. Na3 Qd1+ 48. Kh2 Qd6+ 0-1


[Site "https://www.chess.com"]

[Event "Titled Tuesday Blitz November 14 Early 2023"]
[White "Ilkhomi, Jaloliddin"]
[Black "Martin Duque, Jesus"]
[WhiteFideId "14700948"]
[BlackFideId "2208954"]
[WhiteElo "2700"]
[BlackElo "2397"]
[Result "1-0"]
[Round "2"]
[TimeControl "180+1"]
[Date "2023.11.14"]
[WhiteClock "0:01:51"]
[BlackClock "0:02:03"]
[Board "120"]

1. Nf3 Nf6 2. d4 b6 3. Bf4 Bb7 4. Nbd2 g6 5. c3 Bg7 6. h3 d6 7. e3 Nbd7 8. Bc4 O-O 9. O-O Re8 10. a4 a5 11. Qc2 e5 12. Bh2 Qe7 13. b4 Nd5 14. Qb3 Nxc3 15. Qxc3 d5 16. Be2 axb4 17. Qxc7 exd4 18. exd4 Qxe2 19. Qxb7 Nc5 1-0


[Site "https://www.chess.com"]

[Event "Titled Tuesday Blitz November 14 Early 2023"]
[White "Nagare Kaivalya Sandip"]
[Black "Matveeva, Olga"]
[WhiteFideId "25957929"]
[BlackFideId "24107018"]
[WhiteElo "2679"]
[BlackElo "2380"]
[Result "1-0"]
[Round "2"]
[TimeControl "180+1"]
[Date "2023.11.14"]
[WhiteClock "0:00:10"]
[BlackClock "0:00:00"]
[Board "121"]

1. e4 c6 2. d4 d5 3. Nc3 dxe4 4. Nxe4 Nf6 5. Nxf6+ exf6 6. Bc4 Bd6 7. Nf3 O-O 8. O-O Re8 9. h3 Nd7 10. c3 Nf8 11. a4 Bf5 12. Qb3 Qc7 13. Be3 Re7 14. Qd1 Rae8 15. Nh4 Be4 16. Bd3 Bh2+ 17. Kh1 Bf4 18. Bxe4 Rxe4 19. Nf5 Ng6 20. Qf3 Bxe3 21. fxe3 Nh4 22. Nxh4 Rxh4 23. Rae1 Rhe4 24. Re2 Qa5 25. Qg3 Qh5 26. Rf3 f5 27. Qc7 R4e7 28. Qf4 g6 29. Kh2 Re4 30. Qc7 R4e7 31. Qg3 Re4 32. Ref2 Kh8 33. Qc7 R4e7 34. Qd6 Kg7 35. d5 cxd5 36. Qxd5 Qh4 37. Qd4+ Qf6 38. Qxa7 Qd6+ 39. g3 b5 40. Qd4+ Qxd4 41. exd4 bxa4 42. d5 Kf6 43. c4 Ke5 44. Kg2 Kd4 45. Rc3 Kc5 46. Ra3 Kxc4 47. Rxa4+ Kxd5 48. Ra5+ Kc4 49. Ra6 Re2 50. Rc6+ Kd5 51. Rc7 Rxf2+ 52. Kxf2 Ke6 53. b4 Ra8 54. Ke3 Ra2 55. b5 Rb2 56. Rb7 h5 57. Kf4 Kf6 58. h4 Rb4+ 59. Kf3 Ke6 60. b6 1-0


[Site "https://www.chess.com"]

[Event "Titled Tuesday Blitz November 14 Early 2023"]
[White "KatakuriDono"]
[Black "Hua, Lefong"]
[BlackFideId "2602253"]
[WhiteElo "2369"]
[BlackElo "2676"]
[Result "0-1"]
[Round "2"]
[TimeControl "180+1"]
[Date "2023.11.14"]
[WhiteClock "0:00:13"]
[BlackClock "0:00:21"]
[Board "122"]

1. d4 Nf6 2. Nf3 g6 3. Nbd2 Bg7 4. e4 d6 5. Bd3 O-O 6. O-O c5 7. c3 cxd4 8. cxd4 Nc6 9. h3 a6 10. a4 Nb4 11. Bb1 Bd7 12. Re1 b5 13. a5 Nc6 14. Nb3 Rc8 15. Bd2 Qc7 16. d5 Ne5 17. Nxe5 dxe5 18. Be3 Ne8 19. Nc5 Ra8 20. b4 Nd6 21. Ba2 Nc4 22. Bxc4 bxc4 23. Rc1 Bb5 24. Qd2 Rfd8 25. Red1 Bf8 26. Qc3 Bg7 27. Qe1 h6 28. f3 Kh7 29. Qh4 Rab8 30. Bd2 Qd6 31. Bc3 Qf6 32. Qg3 h5 33. Kh1 h4 34. Qg4 Qf4 35. Qxf4 exf4 36. Bxg7 Kxg7 37. e5 Rbc8 38. Rd4 g5 39. Ne4 Kg6 40. Nc3 f6 41. e6 f5 42. Rd2 Rd6 43. Ra1 Rcd8 44. Kg1 Rxe6 45. Nxb5 axb5 46. a6 Red6 47. a7 Ra8 48. Ra5 Rd7 49. Rxb5 Raxa7 50. Rc5 Rac7 51. Rc2 Rxc5 52. bxc5 Rxd5 53. Rxc4 Rd7 54. c6 Rc7 55. Kf2 Kf6 56. Ke2 Ke5 57. Kd3 Kd6 58. Kd4 e5+ 59. Kd3 Rxc6 60. Ra4 Rb6 61. Ra5 Rb2 62. Ra6+ Ke7 63. Ra5 Rxg2 64. Rxe5+ Kf6 65. Ra5 Rf2 66. Ra6+ Kg7 67. Kd4 Rxf3 68. Ke5 Rxh3 69. Kxf5 Rg3 70. Ra7+ Kf8 71. Ra8+ Ke7 72. Ra7+ Kd6 73. Ra6+ Kc5 74. Rg6 h3 75. Ke4 Kc4 76. Rc6+ Kb3 77. Rh6 Kc3 78. Rc6+ Kd2 79. Ra6 Ke2 80. Ra2+ Kf1 81. Ra1+ Kg2 82. Ra2+ Kg1 83. Ra1+ Kh2 84. Ra2+ Rg2 85. Ra1 Re2+ 86. Kf3 Re3+ 87. Kg4 Rg3+ 88. Kf5 f3 89. Ke4 f2 90. Ra2 Rg2 0-1


[Site "https://www.chess.com"]

[Event "Titled Tuesday Blitz November 14 Early 2023"]
[White "JuniorJumper"]
[Black "Dmitrenko, Viktor"]
[BlackFideId "14110270"]
[WhiteElo "2602"]
[BlackElo "2363"]
[Result "1-0"]
[Round "2"]
[TimeControl "180+1"]
[Date "2023.11.14"]
[WhiteClock "0:00:31"]
[BlackClock "0:00:00"]
[Board "123"]

1. b3 d5 2. Bb2 Nf6 3. e3 e6 4. Nf3 c5 5. Bb5+ Bd7 6. a4 Bd6 7. O-O O-O 8. Ne5 Bxb5 9. axb5 Nfd7 10. f4 f6 11. Nxd7 Nxd7 12. Nc3 Qb6 13. f5 d4 14. Na4 Qc7 15. fxe6 Bxh2+ 16. Kh1 Nb6 17. Nxc5 Qxc5 18. Kxh2 dxe3 19. d4 Qg5 20. Qf3 Rfe8 21. Qh3 Nd5 22. Rf5 1-0


[Site "https://www.chess.com"]

[Event "Titled Tuesday Blitz November 14 Early 2023"]
[White "Vlassov, Nikolai"]
[Black "Cardozo Munar, Carlos Eduardo"]
[WhiteFideId "4103360"]
[BlackFideId "4409477"]
[WhiteElo "2582"]
[BlackElo "2274"]
[Result "1-0"]
[Round "2"]
[TimeControl "180+1"]
[Date "2023.11.14"]
[WhiteClock "0:00:52"]
[BlackClock "0:00:29"]
[Board "124"]

1. e4 e6 2. c4 d5 3. cxd5 exd5 4. Qb3 dxe4 5. Bc4 Qd7 6. Nc3 Nf6 7. d3 exd3 8. Bg5 Nc6 9. O-O-O Ne5 10. Re1 Qf5 11. Nf3 Bd6 12. Rxe5+ Bxe5 13. Re1 d2+ 14. Bxd2 Nd7 15. Nxe5 Nxe5 16. f4 O-O 17. Rxe5 Qg4 18. Re7 Qxg2 19. Bxf7+ Kh8 20. Nd5 Bf5 21. Bh5 Qxh2 22. Bd1 b6 23. Qc3 Rg8 24. Qe5 Qh3 25. Bc3 Qd3 26. Qxg7+ Rxg7 27. Bxg7+ Kg8 28. Nf6# 1-0


[Site "https://www.chess.com"]

[Event "Titled Tuesday Blitz November 14 Early 2023"]
[White "Tabatabaei, M. Amin"]
[Black "Limontaite, Simona"]
[WhiteFideId "12521213"]
[BlackFideId "12802506"]
[WhiteElo "3079"]
[BlackElo "2245"]
[Result "1-0"]
[Round "2"]
[TimeControl "180+1"]
[Date "2023.11.14"]
[WhiteClock "0:01:59"]
[BlackClock "0:00:00"]
[Board "125"]

1. e4 d6 2. d4 g6 3. Nc3 Bg7 4. f4 a6 5. Nf3 e6 6. Bd3 Ne7 7. Qe2 Nd7 8. e5 d5 9. Nd1 c5 10. c3 b5 11. Be3 c4 12. Bc2 a5 13. Bd2 Nc6 14. Ne3 Nb6 15. g4 b4 16. f5 Bd7 17. h4 Qc7 18. h5 gxf5 19. gxf5 Bh6 20. Ng4 Bxd2+ 21. Qxd2 O-O-O 22. Nf6 exf5 23. Qf4 Ne7 24. Ng5 Be6 25. Ngxh7 Kb8 26. a3 bxc3 27. bxc3 Ka7 28. Kd2 Rb8 29. Rab1 Nd7 30. Nxd7 Bxd7 31. Nf6 Be6 32. h6 Rxb1 33. Rxb1 Qd8 34. h7 Qf8 35. Rg1 Ng6 36. Qg5 Qg7 37. Bxf5 Bxf5 38. Qxf5 Qh6+ 39. Kd1 1-0


[Site "https://www.chess.com"]

[Event "Titled Tuesday Blitz November 14 Early 2023"]
[White "Balla, Tamas-Kristof"]
[Black "Niemann, Hans Moke"]
[WhiteFideId "1208497"]
[BlackFideId "2093596"]
[WhiteElo "2433"]
[BlackElo "3027"]
[Result "0-1"]
[Round "2"]
[TimeControl "180+1"]
[Date "2023.11.14"]
[WhiteClock "0:00:23"]
[BlackClock "0:01:55"]
[Board "126"]

1. e4 c5 2. c3 Qa5 3. Nf3 Nc6 4. Be2 d6 5. O-O Nf6 6. d3 g6 7. Nbd2 Bg7 8. Nc4 Qc7 9. Re1 O-O 10. Bf1 e5 11. Bg5 h6 12. Bxf6 Bxf6 13. Ne3 Be6 14. g3 Bg7 15. Bg2 Ne7 16. Nd2 b5 17. Nd5 Nxd5 18. exd5 Bd7 19. c4 b4 20. h4 f5 21. a3 a5 22. axb4 axb4 23. Qe2 Kh7 24. Nb3 Ba4 25. Nd2 Ra7 26. b3 Bd7 27. Rxa7 Qxa7 28. f4 Re8 29. fxe5 Rxe5 30. Qf2 Qa2 31. Rxe5 Bxe5 32. Qe1 Qc2 33. Nf3 Bf6 34. h5 g5 35. g4 Qxb3 36. gxf5 Qc3 37. Nd2 b3 38. Ne4 Qxe1+ 0-1


[Site "https://www.chess.com"]

[Event "Titled Tuesday Blitz November 14 Early 2023"]
[White "Remolar Gallen, Jose"]
[Black "Pranesh M"]
[WhiteFideId "2215187"]
[BlackFideId "35028600"]
[WhiteElo "2429"]
[BlackElo "2975"]
[Result "1-0"]
[Round "2"]
[TimeControl "180+1"]
[Date "2023.11.14"]
[WhiteClock "0:00:19"]
[BlackClock "0:00:00"]
[Board "127"]

1. d4 d5 2. c4 e6 3. Nc3 c6 4. Nf3 Nf6 5. Bf4 Bd6 6. Bg3 Ne4 7. e3 O-O 8. Bd3 Nxg3 9. hxg3 h6 10. g4 dxc4 11. Bxc4 Nd7 12. Qd3 Be7 13. O-O-O b6 14. Bb3 Re8 15. Ne4 a5 16. g5 Ba6 17. Qc2 hxg5 18. Rh5 g6 19. Rh6 Bf8 20. Rh2 a4 21. Bxa4 Bg7 22. Nexg5 Bb5 23. Bb3 Nf6 24. Rdh1 c5 25. Rh8+ Bxh8 26. Rxh8+ Kg7 27. Nxf7 Rxh8 28. Nxd8 Rh1+ 29. Kd2 Rxd8 30. Ne5 Rh6 31. Bxe6 Kf8 32. Nf7 1-0


[Site "https://www.chess.com"]